 Dungeon Crawl Stone Soup version 0.18.1-48-g4cf74bf (webtiles) character file.

50 Mesmaeker13 the Chucker (level 3, -7/39 HPs)
             Began as an Ogre Hunter on Aug 3, 2016.
             Mangled by Sigmund
             ... wielding a +0 scythe
              (13 damage)
             ... on level 2 of the Dungeon.
             The game lasted 00:05:13 (1879 turns).

Mesmaeker13 the Chucker (Ogre Hunter)               Turns: 1879, Time: 00:05:14

Health: -7/39      AC:  6    Str: 17    XL:     3   Next: 79%
Magic:  3/3        EV: 10    Int: 10    God:
Gold:   44         SH:  0    Dex: 11    Spells: 0 memorised, 2 levels left

rFire  . . .     SeeInvis +     e - +1 club
rCold  . . .     Gourm    .     b - +0 robe
rNeg   . . .     Faith    .     (no shield)
rPois  .         Spirit   .     (helmet restricted)
rElec  .         Dismiss  .     k - +2 cloak
rCorr  .         Reflect  .     (gloves unavailable)
SustAt .         Harm     .     (boots unavailable)
MR     .....                    (no amulet)
Stlth  +.........               (no ring)
                                i - ring of see invisible

@: exhausted, not resistant to hostile enchantments, very unstealthy
A: unfitting armour, mutation resistance 1, slow regeneration 1, tough skin 1
a: no special abilities


You were on level 2 of the Dungeon.
You were not hungry.

You visited 1 branch of the dungeon, and saw 2 of its levels.

You collected 44 gold pieces.

Inventory:

Hand Weapons
 e - a +1 club (weapon)
Missiles
 j - 12 poisoned needles
 l - 20 stones (quivered)
Armour
 b - a +0 robe (worn)
 k - a +2 cloak (worn)
Jewellery
 i - a ring of see invisible (left hand)
Comestibles
 c - 3 chunks of flesh
 f - a bread ration
 m - a meat ration
 o - 3 fruits


   Skills:
 + Level 3.8 Fighting
 + Level 4.3 Throwing
 + Level 2.5 Dodging
 - Level 0.7 Stealth


You had 2 spell levels left.
You didn't know any spells.

Dungeon Overview and Level Annotations

Branches:
Dungeon (2/15)

Altars:

Annotations:
D:2 Robin, Sigmund


Innate Abilities, Weirdness & Mutations

You are too large for most types of armour.
You have tough skin (AC +1).
You are somewhat resistant to further mutation.
You regenerate slowly when monsters are visible.


Message History

Enchant which weapon? (? for menu, Esc to quit)
Your +0 club glows red for a moment.
You feel yourself speed up.
Sigmund hits you from afar with a scythe.
Throwing (i - inventory. (,) - cycle):
d - a throwing net (quivered)
Press: ? - help, Shift-Dir - straight line, f - Sigmund
Aim: Sigmund, wielding a scythe and wearing a robe (slightly transparent)
You throw a throwing net. The throwing net barely misses Sigmund.
Throwing (i - inventory):
l - 21 stones (quivered)
Press: ? - help, Shift-Dir - straight line, f/p - Sigmund
Aim: Sigmund, wielding a scythe and wearing a robe (slightly transparent)
You throw a stone. The stone barely misses Sigmund.
Sigmund gestures at you while chanting. The magic dart hits you!
* * * LOW HITPOINT WARNING * * *
Sigmund closely misses you. Sigmund closely misses you.
Sigmund barely misses you. Sigmund hits you with a scythe!
You die...

###### ##...P## #....PP##
#.@..#P.# #@#..P.#.#
#.###### # #.# #.#####
### #.....# #..
#########...# #.# #.....#
#...# #.#
#.....###...######.#
#................รท.#####


You could see Sigmund (invisible).

Vanquished Creatures
  2 adders
  An ooze (D:2)
  A dart slug (D:1)
  A giant gecko (D:1)
  A bat (D:1)
  3 goblins
  5 hobgoblins
  2 jackals (D:1)
  4 kobolds
  2 giant newts (D:1)
  3 rats
25 creatures vanquished.

Notes
Turn   | Place    | Note
--------------------------------------------------------------
     0 | D:1      | Mesmaeker13 the Ogre Hunter began the quest for the Orb.
     0 | D:1      | Reached XP level 1. HP: 22/22 MP: 1/1
   503 | D:1      | Reached XP level 2. HP: 23/31 MP: 2/2
  1110 | D:2      | Reached XP level 3. HP: 23/37 MP: 3/3
  1610 | D:2      | Noticed Robin
  1702 | D:2      | Noticed Sigmund
  1870 | D:2      | Gained mutation: You regenerate slowly when monsters are visible. [potion of mutation]
  1870 | D:2      | Gained mutation: You are somewhat resistant to further mutation. [potion of mutation]
  1879 | D:2      | Mangled by Sigmund

Skill      XL: |  1 |
---------------+----+-----
Fighting       | 3 |  3.8
Dodging        | 2 |  2.5
Throwing       | |  4.3
Stealth        | |  0.7

Action                   || total
-------------------------++-------
Melee: Short sword       ||    38
       Club              ||     3
Throw: Large rock        ||    29
       Throwing net      ||     3
       Stone             ||     1
  Use: Scroll            ||     2
       Potion            ||     2
  Eat: Chunk             ||     4
Armor: Robe              ||    30
Dodge: Dodged            ||    38
